3118 views
Uploaded 2020-08-12 21:16:01
Game version 1.32.8
41:19 long 1on1on1on1 ladder game on (8)Sanctuary_LV
Saved by pure
3118 views
Uploaded 2020-08-12 21:16:01
Game version 1.32.8
41:19 long 1on1on1on1 ladder game on (8)Sanctuary_LV

14 units @ 1.8k
/ 0.1k
8 buildings @ 1.2k
/ 0.4k

| Healing Salve | 2 | 200 |
| Lesser Clarity Potion | 1 | 70 |
| Scroll of Speed | 1 | 50 |
| total: | 4 | 320g |
| Peon | 6 | 450 | / | 0 |
| Troll Headhunter | 5 | 700 | / | 100 |
| Grunt | 3 | 600 | / | 0 |
| total: | 14 | 1750g | / | 100w |
| Watch Tower | 2 | 220 | / | 160 |
| Altar of Storms | 1 | 180 | / | 50 |
| Orc Burrow | 2 | 320 | / | 80 |
| War Mill | 1 | 205 | / | 0 |
| Barracks | 1 | 180 | / | 50 |
| Voodoo Lounge | 1 | 130 | / | 30 |
| total: | 8 | 1235g | / | 370w |
| 0:02 | Peon |
| 0:02 | Peon |
| 0:08 | Altar of Storms |
| 0:18 | Peon |
| 0:25 | Orc Burrow |
| 0:42 | War Mill |
| 0:57 | Peon |
| 1:07 | Barracks |
| 1:54 | Voodoo Lounge |
| 2:10 | Troll Headhunter |
| 2:10 | Troll Headhunter |
| 2:14 | Critical Strike |
| 2:24 | Troll Headhunter |
| 2:32 | Orc Burrow |
| 2:42 | Troll Headhunter |
| 3:10 | Healing Salve |
| 3:40 | Watch Tower |
| 3:42 | Troll Headhunter |
| 4:53 | Grunt |
| 4:54 | Grunt |
| 4:54 | Grunt |
| 5:10 | Watch Tower |
| 5:32 | Healing Salve |
| 5:32 | Lesser Clarity Potion |
| 5:32 | Scroll of Speed |
| 5:47 | Mirror Image |
| 6:46 | Peon |
| 8:02 | Peon |
| Right click | 307 |
| Chat | 254 |
| Select | 139 |
| Build/train/purchase | 28 |
| Assign group | 6 |
| Use ability | 6 |
| Select group | 5 |
| Misc. action | 4 |
| Remove unit | 2 |
| Item give/drop | 1 |
92 units @ 12.6k
/ 1.9k
80 buildings @ 12.4k
/ 7k



| Healing Salve | 3 | 300 |
| Potion of Healing | 5 | 750 |
| Lesser Clarity Potion | 9 | 630 |
| Scroll of Speed | 1 | 50 |
| Potion of Mana | 6 | 1200 |
| Scroll of Town Portal | 6 | 2100 |
| Scroll of Healing | 1 | 250 |
| Potion of Lesser Invulnerability | 1 | 150 |
| total: | 32 | 5430g |
| Peon | 40 | 3000 | / | 0 |
| Troll Headhunter | 10 | 1400 | / | 200 |
| Troll Witch Doctor | 6 | 870 | / | 150 |
| Shaman | 5 | 650 | / | 100 |
| Troll Batrider | 11 | 1760 | / | 440 |
| Troll Berserker | 2 | 280 | / | 40 |
| Wind Rider | 6 | 1590 | / | 240 |
| Kodo Beast | 1 | 255 | / | 60 |
| Tauren | 5 | 1400 | / | 400 |
| Spirit Walker | 5 | 975 | / | 175 |
| Goblin Shredder | 1 | 375 | / | 100 |
| total: | 92 | 12555g | / | 1905w |
| Watch Tower | 45 | 4950 | / | 3600 |
| Altar of Storms | 1 | 180 | / | 50 |
| Orc Burrow | 9 | 1440 | / | 360 |
| War Mill | 2 | 410 | / | 0 |
| Barracks | 1 | 180 | / | 50 |
| Voodoo Lounge | 5 | 650 | / | 150 |
| Great Hall | 9 | 3465 | / | 1665 |
| Spirit Lodge | 1 | 150 | / | 150 |
| Beastiary | 5 | 725 | / | 700 |
| Tauren Totem | 2 | 270 | / | 310 |
| Stronghold | 1 | 315 | / | 190 |
| Fortress | 1 | 325 | / | 190 |
| total: | 80 | 12420g | / | 7035w |
| 0:10 | Peon |
| 0:10 | Peon |
| 0:11 | Peon |
| 0:14 | Altar of Storms |
| 0:46 | Orc Burrow |
| 1:04 | Peon |
| 1:05 | War Mill |
| 1:12 | Peon |
| 1:25 | Barracks |
| 1:37 | Peon |
| 1:37 | Peon |
| 1:53 | Peon |
| 1:56 | Orc Burrow |
| 2:15 | Voodoo Lounge |
| 2:18 | Peon |
| 2:28 | Troll Headhunter |
| 2:28 | Troll Headhunter |
| 2:28 | Troll Headhunter |
| 2:36 | Feral Spirit |
| 2:40 | Troll Headhunter |
| 3:10 | Troll Headhunter |
| 3:31 | Troll Headhunter |
| 3:35 | Stronghold |
| 3:55 | Troll Headhunter |
| 4:18 | Troll Headhunter |
| 4:23 | Watch Tower |
| 4:42 | Chain Lighting |
| 4:46 | Orc Burrow |
| 5:28 | Watch Tower |
| 5:46 | Troll Headhunter |
| 6:03 | Feral Spirit |
| 6:19 | Healing Salve |
| 6:33 | Potion of Healing |
| 6:33 | Lesser Clarity Potion |
| 6:35 | Healing Salve |
| 6:41 | Watch Tower |
| 6:50 | Troll Regeneration |
| 7:07 | Watch Tower |
| 7:13 | Watch Tower |
| 7:22 | Hex |
| 7:41 | Fortress |
| 7:42 | Spirit Lodge |
| 8:05 | Beastiary |
| 8:14 | Troll Headhunter |
| 8:26 | Watch Tower |
| 9:05 | Orc Burrow |
| 9:41 | Chain Lighting |
| 9:53 | Healing Wave |
| 10:29 | Great Hall |
| 10:38 | Peon |
| 10:38 | Peon |
| 10:39 | Peon |
| 10:58 | Goblin Shredder |
| 11:12 | Healing Wave |
| 11:41 | Orc Burrow |
| 11:43 | Troll Witch Doctor |
| 11:54 | Shaman Adept Training |
| 12:11 | Great Hall |
| 12:18 | Reinforced Defenses |
| 12:22 | Shaman Master Training |
| 12:28 | Healing Salve |
| 12:28 | Lesser Clarity Potion |
| 12:28 | Scroll of Speed |
| 12:30 | War Stomp |
| 12:47 | Beastiary |
| 12:50 | Tauren Totem |
| 13:03 | Peon |
| 13:03 | Peon |
| 13:03 | Peon |
| 13:04 | Peon |
| 13:41 | Watch Tower |
| 13:50 | Berserker Upgrade |
| 13:57 | Orc Burrow |
| 14:26 | Feral Spirit |
| 14:27 | Hex |
| 14:34 | Great Hall |
| 14:42 | Beastiary |
| 14:46 | Spirit Walker Adept Training |
| 14:46 | Witch Doctor Adept Training |
| 15:03 | Endurance Aura |
| 15:09 | Watch Tower |
| 15:11 | Watch Tower |
| 15:17 | Watch Tower |
| 15:41 | Watch Tower |
| 15:43 | Peon |
| 15:44 | Peon |
| 15:44 | Peon |
| 15:44 | Peon |
| 15:46 | Peon |
| 15:46 | Peon |
| 15:46 | Peon |
| 15:46 | Peon |
| 15:48 | Orc Burrow |
| 15:57 | Shaman |
| 15:57 | Troll Witch Doctor |
| 16:10 | Pulverize |
| 16:13 | Liquid Fire |
| 16:18 | Peon |
| 16:18 | Peon |
| 16:20 | War Mill |
| 16:43 | Watch Tower |
| 16:49 | Troll Batrider |
| 16:57 | Troll Batrider |
| 17:18 | Watch Tower |
| 17:19 | Watch Tower |
| 17:29 | Troll Batrider |
| 17:29 | Troll Batrider |
| 17:48 | Troll Batrider |
| 17:49 | Troll Berserker |
| 17:51 | Shaman |
| 17:51 | Witch Doctor Master Training |
| 17:59 | Troll Batrider |
| 18:08 | Troll Batrider |
| 18:16 | Troll Batrider |
| 18:17 | Troll Berserker |
| 18:33 | Beastiary |
| 18:37 | Peon |
| 18:37 | Peon |
| 18:37 | Peon |
| 18:37 | Peon |
| 18:48 | Beastiary |
| 18:52 | Steel Armor |
| 19:01 | Scroll of Town Portal |
| 19:02 | Lesser Clarity Potion |
| 19:20 | Great Hall |
| 19:23 | Healing Wave |
| 19:44 | Wind Rider |
| 19:46 | Kodo Beast |
| 19:47 | Watch Tower |
| 20:15 | Potion of Healing |
| 20:21 | Tauren |
| 20:21 | Tauren |
| 20:27 | Watch Tower |
| 20:27 | Watch Tower |
| 20:32 | Potion of Healing |
| 20:38 | Watch Tower |
| 20:39 | Watch Tower |
| 20:54 | War Drums Damage Increase |
| 21:00 | Orc Burrow |
| 21:01 | Watch Tower |
| 21:02 | Peon |
| 21:04 | Scroll of Town Portal |
| 21:04 | Lesser Clarity Potion |
| 21:08 | Chain Lighting |
| 21:11 | Potion of Mana |
| 21:12 | Potion of Mana |
| 21:19 | Spirit Walker Master Training |
| 21:34 | Envenomed Spears |
| 21:42 | Watch Tower |
| 22:37 | Wind Rider |
| 22:40 | Shaman |
| 22:40 | Troll Witch Doctor |
| 22:49 | Watch Tower |
| 22:51 | Watch Tower |
| 22:51 | Watch Tower |
| 22:55 | Voodoo Lounge |
| 22:56 | Voodoo Lounge |
| 23:13 | Tauren |
| 23:19 | Watch Tower |
| 23:21 | Watch Tower |
| 23:22 | Watch Tower |
| 23:25 | Peon |
| 23:25 | Peon |
| 23:26 | Peon |
| 23:37 | Thorium Armor |
| 23:56 | Voodoo Lounge |
| 24:12 | Watch Tower |
| 24:18 | Watch Tower |
| 24:36 | Watch Tower |
| 24:37 | Voodoo Lounge |
| 24:45 | Troll Batrider |
| 25:03 | Great Hall |
| 25:16 | Arcanite Armor |
| 25:25 | War Stomp |
| 25:36 | Spirit Walker |
| 25:48 | Potion of Lesser Invulnerability |
| 25:52 | Scroll of Town Portal |
| 26:00 | Scroll of Healing |
| 26:29 | Spirit Walker |
| 27:07 | Great Hall |
| 27:24 | Spiked Barricades |
| 27:27 | Watch Tower |
| 27:27 | Watch Tower |
| 28:21 | Peon |
| 28:26 | Scroll of Town Portal |
| 28:28 | Wind Rider |
| 28:32 | Lesser Clarity Potion |
| 28:35 | Orc Burrow |
| 28:36 | Watch Tower |
| 28:44 | Lesser Clarity Potion |
| 28:46 | Potion of Mana |
| 28:46 | Potion of Healing |
| 28:46 | Scroll of Town Portal |
| 28:49 | Watch Tower |
| 29:14 | Troll Witch Doctor |
| 29:30 | Peon |
| 29:50 | Wind Rider |
| 30:09 | Watch Tower |
| 30:12 | Peon |
| 30:25 | Scroll of Town Portal |
| 30:25 | Lesser Clarity Potion |
| 31:36 | Wind Rider |
| 31:39 | Big Bad Voodoo |
| 31:54 | Earth Quake |
| 31:57 | Potion of Healing |
| 31:57 | Potion of Mana |
| 32:04 | Potion of Mana |
| 32:09 | Spirit Walker |
| 32:09 | Spirit Walker |
| 32:15 | Shaman |
| 32:32 | Steel Ranged Weapons |
| 33:10 | Great Hall |
| 33:23 | Watch Tower |
| 33:23 | Watch Tower |
| 33:41 | Troll Batrider |
| 33:51 | Endurance Aura |
| 33:55 | Watch Tower |
| 34:29 | Watch Tower |
| 34:36 | Watch Tower |
| 36:05 | Wind Rider |
| 36:19 | Potion of Mana |
| 36:19 | Lesser Clarity Potion |
| 36:38 | Peon |
| 36:40 | Watch Tower |
| 36:52 | Troll Batrider |
| 37:41 | Great Hall |
| 37:43 | Watch Tower |
| 37:44 | Peon |
| 38:01 | Tauren |
| 38:06 | Lesser Clarity Potion |
| 38:21 | Watch Tower |
| 38:21 | Peon |
| 38:31 | Troll Witch Doctor |
| 38:34 | Spirit Walker |
| 38:41 | Tauren Totem |
| 38:57 | Great Hall |
| 39:51 | Ensnare |
| 40:02 | Watch Tower |
| 40:08 | Troll Witch Doctor |
| 40:08 | Shaman |
| 40:10 | Tauren |
| 40:20 | Watch Tower |
| Select group | 3891 |
| Right click | 2331 |
| Select | 1694 |
| Misc. action | 775 |
| Build/train/purchase | 352 |
| Assign group | 205 |
| Use ability | 177 |
| Esc | 13 |
| Item give/drop | 6 |
61 units @ 7.9k
/ 1.1k
31 buildings @ 5.9k
/ 2.9k



| Healing Salve | 4 | 400 |
| Tiny Great Hall | 1 | 600 |
| Orb of Lightning | 1 | 375 |
| Lesser Clarity Potion | 4 | 280 |
| Potion of Mana | 5 | 1000 |
| Scroll of Town Portal | 6 | 2100 |
| total: | 21 | 4755g |
| Peon | 23 | 1725 | / | 0 |
| Troll Headhunter | 7 | 980 | / | 140 |
| Wind Rider | 4 | 1060 | / | 160 |
| Troll Witch Doctor | 6 | 870 | / | 150 |
| Shaman | 5 | 650 | / | 100 |
| Troll Berserker | 10 | 1400 | / | 200 |
| Troll Batrider | 5 | 800 | / | 200 |
| Goblin Shredder | 1 | 375 | / | 100 |
| total: | 61 | 7860g | / | 1050w |
| Watch Tower | 7 | 770 | / | 560 |
| Orc Burrow | 6 | 960 | / | 240 |
| Altar of Storms | 1 | 180 | / | 50 |
| War Mill | 1 | 205 | / | 0 |
| Barracks | 2 | 360 | / | 100 |
| Voodoo Lounge | 3 | 390 | / | 90 |
| Great Hall | 6 | 2310 | / | 1110 |
| Beastiary | 3 | 435 | / | 420 |
| Spirit Lodge | 2 | 300 | / | 300 |
| Stronghold | 1 | 315 | / | 190 |
| Fortress | 1 | 325 | / | 190 |
| total: | 31 | 5910g | / | 2870w |
| 0:02 | Peon |
| 0:02 | Peon |
| 0:02 | Peon |
| 0:18 | Orc Burrow |
| 0:34 | Altar of Storms |
| 0:41 | Peon |
| 0:49 | War Mill |
| 0:51 | Peon |
| 1:05 | Barracks |
| 1:12 | Peon |
| 1:23 | Peon |
| 1:41 | Orc Burrow |
| 1:44 | Peon |
| 2:06 | Troll Headhunter |
| 2:14 | Voodoo Lounge |
| 2:24 | Troll Headhunter |
| 2:36 | Mirror Image |
| 2:54 | Troll Headhunter |
| 3:02 | Troll Headhunter |
| 3:22 | Stronghold |
| 3:43 | Troll Headhunter |
| 3:55 | Critical Strike |
| 4:12 | Great Hall |
| 4:27 | Healing Salve |
| 4:36 | Orc Burrow |
| 5:04 | Troll Headhunter |
| 5:07 | Steel Ranged Weapons |
| 5:25 | Mirror Image |
| 6:00 | Goblin Shredder |
| 6:42 | Great Hall |
| 6:52 | Healing Salve |
| 7:04 | Hex |
| 7:12 | Fortress |
| 7:29 | Troll Regeneration |
| 7:43 | Critical Strike |
| 7:45 | Thorium Ranged Weapons |
| 7:50 | Orc Burrow |
| 7:51 | Orc Burrow |
| 8:26 | Troll Headhunter |
| 8:27 | Steel Armor |
| 8:49 | Beastiary |
| 8:54 | Spirit Lodge |
| 9:02 | Healing Wave |
| 9:21 | Arcanite Ranged Weapons |
| 9:48 | Thorium Armor |
| 10:03 | Peon |
| 10:03 | Peon |
| 10:04 | Peon |
| 10:04 | Peon |
| 10:10 | Witch Doctor Adept Training |
| 10:14 | Envenomed Spears |
| 10:23 | Berserker Upgrade |
| 10:45 | Tiny Great Hall |
| 10:56 | Healing Wave |
| 11:02 | War Stomp |
| 11:37 | Witch Doctor Master Training |
| 11:38 | Beastiary |
| 12:48 | Spirit Lodge |
| 13:10 | Mirror Image |
| 13:15 | Beastiary |
| 13:18 | Endurance Aura |
| 13:47 | Arcanite Armor |
| 13:49 | Shaman Adept Training |
| 14:26 | Hex |
| 14:31 | War Stomp |
| 14:53 | Peon |
| 14:53 | Peon |
| 14:53 | Peon |
| 14:53 | Peon |
| 14:55 | Peon |
| 15:00 | Wind Rider |
| 15:01 | Wind Rider |
| 15:03 | Shaman Master Training |
| 15:03 | Troll Witch Doctor |
| 15:04 | Shaman |
| 15:41 | Reinforced Defenses |
| 15:44 | Voodoo Lounge |
| 16:50 | Troll Witch Doctor |
| 17:50 | Endurance Aura |
| 18:36 | Troll Berserker |
| 18:37 | Barracks |
| 18:40 | Spiked Barricades |
| 18:56 | Healing Wave |
| 20:36 | Wind Rider |
| 20:54 | Shaman |
| 20:54 | Troll Witch Doctor |
| 20:55 | Troll Berserker |
| 23:10 | Troll Berserker |
| 23:12 | Shaman |
| 23:29 | Orc Burrow |
| 23:57 | War Stomp |
| 25:07 | Orb of Lightning |
| 25:15 | Lesser Clarity Potion |
| 25:17 | Scroll of Town Portal |
| 25:21 | Lesser Clarity Potion |
| 25:24 | Scroll of Town Portal |
| 25:26 | Potion of Mana |
| 25:31 | Potion of Mana |
| 25:39 | Healing Salve |
| 25:53 | Troll Witch Doctor |
| 26:54 | Troll Berserker |
| 26:54 | Troll Berserker |
| 26:56 | Shaman |
| 26:57 | Troll Witch Doctor |
| 27:10 | Great Hall |
| 28:12 | Scroll of Town Portal |
| 28:24 | Great Hall |
| 28:33 | Great Hall |
| 28:36 | Troll Berserker |
| 28:58 | Bladestorm |
| 29:45 | Big Bad Voodoo |
| 30:09 | Voodoo Lounge |
| 32:29 | Troll Batrider |
| 32:29 | Troll Batrider |
| 32:31 | Troll Witch Doctor |
| 32:31 | Shaman |
| 32:32 | Troll Berserker |
| 32:32 | Troll Berserker |
| 32:50 | Peon |
| 32:51 | Peon |
| 32:51 | Peon |
| 32:51 | Peon |
| 32:51 | Peon |
| 32:53 | Peon |
| 33:22 | Watch Tower |
| 33:23 | Watch Tower |
| 33:23 | Watch Tower |
| 33:24 | Watch Tower |
| 33:30 | Potion of Mana |
| 33:30 | Lesser Clarity Potion |
| 33:32 | Scroll of Town Portal |
| 33:33 | Scroll of Town Portal |
| 33:42 | Potion of Mana |
| 33:57 | Watch Tower |
| 33:58 | Watch Tower |
| 33:59 | Watch Tower |
| 36:14 | Wind Rider |
| 36:16 | Troll Batrider |
| 36:16 | Troll Batrider |
| 36:18 | Hex |
| 36:40 | Lesser Clarity Potion |
| 36:42 | Healing Salve |
| 36:53 | Potion of Mana |
| 36:53 | Scroll of Town Portal |
| 36:56 | Troll Berserker |
| 36:56 | Troll Berserker |
| 36:58 | Critical Strike |
| 37:12 | Troll Batrider |
| 37:30 | Great Hall |
| 38:30 | Reincarnation |
| 40:41 | Wind Walk |
| Right click | 2279 |
| Select group | 1456 |
| Select | 1437 |
| Misc. action | 719 |
| Build/train/purchase | 220 |
| Use ability | 117 |
| Assign group | 104 |
| Chat | 38 |
| Item give/drop | 15 |
| Esc | 11 |
19 units @ 3.3k
/ 0.5k
10 buildings @ 1.6k
/ 0.5k


| Rod of Necromancy | 1 | 150 |
| total: | 1 | 150g |
| Acolyte | 2 | 150 | / | 0 |
| Ghoul | 5 | 600 | / | 0 |
| Crypt Fiend | 11 | 2365 | / | 440 |
| Obsidian Statue | 1 | 200 | / | 35 |
| total: | 19 | 3315g | / | 475w |
| Nerubian Tower | 1 | 100 | / | 20 |
| Crypt | 1 | 200 | / | 50 |
| Altar of Darkness | 1 | 180 | / | 50 |
| Ziggurat | 5 | 750 | / | 250 |
| Tomb of Relics | 1 | 130 | / | 30 |
| Graveyard | 1 | 215 | / | 0 |
| Slaughterhouse | 1 | 140 | / | 135 |
| Halls of the Dead | 1 | 320 | / | 210 |
| Black Citadel | 1 | 325 | / | 230 |
| total: | 10 | 1615g | / | 515w |
| 0:02 | Acolyte |
| 0:02 | Acolyte |
| 0:08 | Crypt |
| 0:13 | Altar of Darkness |
| 0:36 | Ziggurat |
| 0:51 | Tomb of Relics |
| 1:13 | Ghoul |
| 1:34 | Ziggurat |
| 1:57 | Ghoul |
| 1:58 | Ghoul |
| 2:15 | Graveyard |
| 2:41 | Rod of Necromancy |
| 2:52 | Death Coil |
| 3:28 | Ghoul |
| 3:29 | Ghoul |
| 4:09 | Crypt Fiend |
| 4:09 | Crypt Fiend |
| 4:17 | Ziggurat |
| 5:47 | Halls of the Dead |
| 5:50 | Crypt Fiend |
| 5:50 | Crypt Fiend |
| 5:56 | Unholy Aura |
| 7:17 | Crypt Fiend |
| 7:17 | Crypt Fiend |
| 8:23 | Crypt Fiend |
| 8:55 | Slaughterhouse |
| 9:43 | Death Coil |
| 10:41 | Obsidian Statue |
| 10:45 | Unholy Strength |
| 11:02 | Ziggurat |
| 11:07 | Ziggurat |
| 12:25 | Unholy Aura |
| 12:52 | Black Citadel |
| 13:00 | Web |
| 13:00 | Crypt Fiend |
| 13:47 | Frost Nova |
| 15:14 | Crypt Fiend |
| 15:51 | Nerubian Tower |
| 15:55 | Crypt Fiend |
| 15:55 | Crypt Fiend |
| Right click | 970 |
| Select | 178 |
| Build/train/purchase | 39 |
| Select group | 22 |
| Use ability | 20 |
| Assign group | 8 |
| Item give/drop | 4 |
| Misc. action | 1 |
| Esc | 1 |